 Dungeon Crawl Stone Soup version 0.19-a0-1676-g39ae8cc (webtiles) character file.

17 Amnesiac the Digger (level 2, -1/15 HPs)
             Began as a Deep Elf Earth Elementalist on Sept 23, 2016.
             Killed by divine providence
             ... invoked by an orc priest
              (14 damage)
             ... on level 4 of the Dungeon.
             The game lasted 00:00:57 (313 turns).

Amnesiac the Digger (Deep Elf Earth Elementalist)    Turns: 313, Time: 00:00:57

Health: -1/15      AC:  2    Str:  5    XL:     2   Next: 44%
Magic:  5/8        EV: 13    Int: 19    God:
Gold:   33         SH:  0    Dex: 15    Spells: 2 memorised, 4 levels left

rFire  . . .     SeeInvis .     b - 10 stones
rCold  . . .     Gourm    .     c - +0 robe
rNeg   . . .     Faith    .     (no shield)
rPois  .         Spirit   .     (no helmet)
rElec  .         Dismiss  .     (no cloak)
rCorr  .         Reflect  .     (no gloves)
MR     .....     Harm     +     (no boots)
Stlth  ++........               h - amulet of harm
                                (no ring)
                                (no ring)

@: no status effects
A: no striking features
a: no special abilities


You were on level 4 of the Dungeon.
You were not hungry.

You visited 1 branch of the dungeon, and saw 4 of its levels.

You collected 33 gold pieces.

Inventory:

Missiles
 b - 10 stones (in hand)
Armour
 c - a +0 robe (worn)
Jewellery
 h - an amulet of harm (around neck)
Scrolls
 i - a scroll of noise {unknown}
 k - a scroll of amnesia {unknown}
 l - a scroll of enchant weapon {unknown}
Potions
 g - a potion of cancellation
Books
 e - a book of Geomancy

   Spells                             Type                      Level
   a - Sandblast                      Earth                        1
   b - Passwall                       Transmutation/Earth          2
   c - Stone Arrow                    Conjuration/Earth            3
   d - Petrify                        Transmutation/Earth          4
   e - Lee's Rapid Deconstruction     Earth                        5
Comestibles
 a - 3 fruits
 d - a bread ration
 j - a chunk of flesh


   Skills:
 - Level 2.4 Dodging
 - Level 2.4 Stealth
 + Level 3.4 Spellcasting
 - Level 1.1 Transmutations
 * Level 4.0 Earth Magic


You had 4 spell levels left.
You knew the following spells:

 Your Spells              Type           Power        Failure   Level  Hunger
v - Passwall              Tmut/Erth      ##........   10%         2    ##.....
z - Sandblast             Erth           ###...       3%          1    None


Dungeon Overview and Level Annotations

Branches:
Dungeon (4/15)
 Temple: D:4-7

Altars:


Message History

The orc priest shouts!
Casting: Sandblast
Confirm with . or Enter, or press ? or * to list all spells.
You can't see any susceptible monsters within range! (Use Z to cast anyway.)
Casting: Sandblast
Confirm with . or Enter, or press ? or * to list all spells.
You can't see any susceptible monsters within range! (Use Z to cast anyway.)
The orc priest invokes the aid of Beogh against you.
Pain shoots through your body!
Casting: Sandblast
Confirm with . or Enter, or press ? or * to list all spells.
Aiming: Sandblast
Press: ? - help, Shift-Dir - straight line, f - orc priest
Aim: an orc priest, wielding a short sword and wearing a ring mail The rocky blast hits the orc priest.
You hear a shout!
The orc priest invokes the aid of Beogh against you.
Beogh smites you!
Ouch! That really hurt!
You die...

## #.# #.##
##...#### ####
##...oo..# ...###
.o...oo..## .. #..#
#..>## ..# #..
##[..## ..# #..
##@..## ..# ##..
##...# #.###...
#..#...## #..#..##
#......## #...##
##......## ##..#
#.......####...##
#.........#.....#
#............####.#
....###......## #.


You could see 2 orc priests and 2 orcs.

Vanquished Creatures
  An adder (D:4)
  An orc (D:4)
  2 hobgoblins
  A quokka (D:2)
  2 frilled lizards
  A rat (D:1)
8 creatures vanquished.

Notes
Turn   | Place    | Note
-------+----------+-------------------------------------------
     0 | D:1      | Amnesiac the Deep Elf Earth Elementalist began the quest for the Orb.
     0 | D:1      | Reached XP level 1. HP: 10/10 MP: 6/6
   277 | D:4      | Reached XP level 2. HP: 15/15 MP: 6/8
   281 | D:4      | Learned a level 2 spell: Passwall
   311 | D:4      | Reached skill level 4 in Earth Magic
   313 | D:4      | Killed from afar by an orc priest

Vault maps used:
D:1:      dpeg_arrival_tiny_c
D:3:      minmay_roachtagon, first_bread, minmay_misc_feat_hallway, uniq_sigmund
D:4:      enter_ossuary_3

Skill      XL: |  1  2 |
---------------+-------+-----
Earth Magic    | 4 |  4.0
Dodging        | |  2.4
Stealth        | |  2.4
Spellcasting   | |  3.4
Transmutations | |  1.1

Action                   || total
-------------------------++-------
 Cast: Sandblast         ||    17
  Use: Scroll            ||     1
Dodge: Dodged            ||     5
